 Dungeon Crawl Stone Soup version 0.21-a0-401-g0b6bec4 (webtiles) character file.

551 kae the Digger (level 7, 0/36 HPs)
             Began as a Gargoyle Earth Elementalist on Oct 25, 2017.
             Slain by Prince Ribbit (10 damage)
             ... on level 5 of the Dungeon.
             The game lasted 00:05:17 (6286 turns).

kae the Digger (Gargoyle Earth Elementalist)        Turns: 6286, Time: 00:05:18

Health: 0/36       AC:  9    Str: 12    XL:     7   Next: 29%
Magic:  6/13       EV: 12    Int: 17    God:
Gold:   212        SH:  7    Dex: 13    Spells: 11/15 levels left

rFire    x . .     SeeInvis .   m - +0 hand axe
rCold    + . .     Gourm    +   o - +2 buckler
rNeg     + . .     Faith    .   c - +0 robe
rPois    ∞         Spirit   .   (no helmet)
rElec    +         Reflect  .   (no cloak)
rCorr    .         Harm     .   k - +2 pair of gloves {Dex+3}
MR       .....                  (no boots)
Stlth    ++........             w - amulet of the gourmand
HPRegen  0.12/turn              s - ring of ice
MPRegen  0.13/turn              (no ring)

@: no status effects
A: negative energy resistance 1, electricity resistance, unbreathing,
petrification resistance, rot immunity, AC +4
a: no special abilities


You were on level 5 of the Dungeon.
You were completely stuffed.

You visited 1 branch of the dungeon, and saw 5 of its levels.

You collected 212 gold pieces.

Inventory:

Hand Weapons
 j - a +0 club
 m - a +0 hand axe (weapon)
Missiles
 b - 38 stones (quivered)
Armour
 c - a +0 robe (worn)
 k - a +2 pair of gloves of dexterity (worn)
 o - a +2 buckler (worn)
 t - a +0 helmet
Jewellery
 s - a ring of ice (left hand)
 w - an amulet of the gourmand (around neck)
 A - a cursed ring of loudness {unknown}
 C - a +3 ring of strength {unknown}
Wands
 z - a wand of iceblast (5/15)
Scrolls
 a - 3 scrolls of identify
 f - 2 scrolls of immolation
 g - a scroll of amnesia
 h - a scroll of fear {unknown}
 i - a scroll of enchant armour {unknown}
 l - 2 scrolls of remove curse
 r - a scroll of magic mapping {unknown}
 v - a scroll of teleportation {unknown}
 y - a scroll of enchant weapon {unknown}
Potions
 p - 4 potions of curing
 q - a potion of brilliance
 u - a potion of heal wounds
 x - 2 potions of invisibility {unknown}
 B - a potion of lignification {unknown}
Books
 e - a book of Geomancy

   Spells                             Type                      Level
   a - Sandblast                      Earth                        1
   b - Passwall                       Transmutation/Earth          2
   c - Stone Arrow                    Conjuration/Earth            3
   d - Petrify                        Transmutation/Earth          4
   e - Lee's Rapid Deconstruction     Earth                        5
Comestibles
 d - 7 bread rations
 n - a meat ration


   Skills:
 - Level 1.5 Dodging
 - Level 2.1 Stealth
 + Level 4.0 Shields
 + Level 4.5 Spellcasting
   Level 0.7 Transmutations
 + Level 6.5 Earth Magic


You had 11 spell levels left.
You knew the following spells:

 Your Spells              Type           Power        Failure   Level  Hunger
a - Sandblast             Erth           ####..       1%          1    None
b - Stone Arrow           Conj/Erth      ###...       12%         3    ###....


Dungeon Overview and Level Annotations

Branches:
Dungeon (5/15)             Temple (0/1) D:5

Altars:
Dithmenos
Gozag
Nemelex Xobeh
Okawaru
Qazlal
Sif Muna
Uskayaw
Wu Jian
The Shining One

Annotations:
D:5 Prince Ribbit


Innate Abilities, Weirdness & Mutations

You are resistant to torment.
Your stone body is resilient. (AC +4)
You are immune to poison.
You resist negative energy. (rN+)
You are resistant to electric shocks. (rElec)
You can survive without breathing.
You are immune to petrification.
You are immune to rotting.


Message History

Casting: Stone Arrow
Confirm with . or Enter, or press ? or * to list all spells.
Aiming: Stone Arrow
Press: ? - help, Shift-Dir - straight line, f/p - Prince Ribbit
Aim: Prince Ribbit (lightly wounded)
The stone arrow misses Prince Ribbit.
You block the giant cockroach's attack.
Prince Ribbit hops awkwardly around.
Prince Ribbit hits you!
* * * LOW HITPOINT WARNING * * *
Casting: Stone Arrow
Confirm with . or Enter, or press ? or * to list all spells.
Aiming: Sandblast
Press: ? - help, Shift-Dir - straight line, f/p - Prince Ribbit
Aim: Prince Ribbit (lightly wounded)
The blast of sand hits Prince Ribbit.
Prince Ribbit is moderately wounded.
b - 38 stones The giant cockroach bites you but does no damage.
Prince Ribbit hits you!
You die...

..........§§._§§§.##.###########.
.#######.##§#.#§#..........# #.
.## #...###§§§##..........# #.
..# #.######.#............# #.
#÷## #.##..................# #.
#..# #.##..................# #.
##.###.##.........########## #.
....##.##.......F..# #.
....##.......)..@.## #.
.....#######+####s# #. .....#####
#.###.... . #########' .........#
#.. ....... #......... ....#....#
#.###.(....##......... ....#....#
#.# #......##......... ....#....#
#.# #......##......... ....#....#
#.###......##......... ....#....#
#......######.....###.


You could see Prince Ribbit and a giant cockroach.

Vanquished Creatures
  Blork the orc (D:4)
  3 crimson imps (D:5)
  A jelly (D:5)
  A hound (D:5)
  An orc wizard (D:4)
  An iguana (D:4)
  4 worker ants
  6 gnolls (D:5)
  An adder (D:4)
  A shadow imp (D:5)
  An ooze (D:3)
  A worm (D:2)
  A dart slug (D:1)
  4 leopard geckos
  5 orcs (D:4)
  8 bats
  A giant cockroach (D:4)
  9 goblins
  9 hobgoblins
  11 jackals
  10 kobolds
  5 quokkas
  4 frilled lizards
  3 rats
92 creatures vanquished.

Notes
Turn   | Place    | Note
-------+----------+-------------------------------------------
     0 | D:1      | kae the Gargoyle Earth Elementalist began the quest for the Orb.
     0 | D:1      | Reached XP level 1. HP: 10/10 MP: 3/3
   485 | D:1      | Reached skill level 4 in Earth Magic
   485 | D:1      | Reached XP level 2. HP: 11/15 MP: 5/5
  1152 | D:1      | Reached XP level 3. HP: 13/19 MP: 6/6
  1422 | D:2      | Learned a level 3 spell: Stone Arrow
  2478 | D:3      | Reached XP level 4. HP: 23/24 MP: 8/8
  2591 | D:3      | Found a hide-covered altar of Uskayaw.
  2597 | D:3      | Found a glowing golden altar of the Shining One.
  2598 | D:3      | Found a stormy altar of Qazlal.
  2599 | D:3      | Found an ornate altar of the Wu Jian Council.
  2599 | D:3      | Found a sparkling altar of Nemelex Xobeh.
  2600 | D:3      | Found a deep blue altar of Sif Muna.
  2611 | D:3      | Reached skill level 1 in Shields
  3208 | D:4      | Noticed Blork the orc
  3526 | D:4      | Reached skill level 5 in Earth Magic
  3526 | D:4      | Reached XP level 5. HP: 3/28 MP: 2/9
  3809 | D:4      | Found an opulent altar of Gozag.
  4681 | D:4      | Reached XP level 6. HP: 32/32 MP: 6/11
  4760 | D:4      | Killed Blork the orc
  4796 | D:5      | Entered Level 5 of the Dungeon
  5207 | D:5      | Noticed Prince Ribbit
  5262 | D:5      | Found a staircase to the Ecumenical Temple.
  5348 | D:5      | Reached skill level 6 in Earth Magic
  5507 | D:5      | Found a shadowy altar of Dithmenos.
  5535 | D:5      | Reached XP level 7. HP: 25/36 MP: 7/13
  5899 | D:5      | Found an iron altar of Okawaru.
  6286 | D:5      | Slain by Prince Ribbit

Vault maps used:
D:1:      lemuel_arrival_lava_pool, minmay_unequal
D:2:      serial_bayou_ford_a
D:3:      grunt_temple_overflow_open
D:4:      kennysheep_mini, first_bread, uniq_blork_the_orc
D:5:      grunt_dithmenos_smoke_and_mirrors, minmay_temple_entry_from_below_a,
          okawaru_altar_gauntlet_db, uniq_prince_ribbit1

Skill      XL: |  1  2  3  4  5  6  7 |
---------------+----------------------+-----
Earth Magic    | 4 5 6 |  6.5
Spellcasting   | 3 4 |  4.5
Shields        | 1 2 3 4 |  4.0
Dodging        | |  1.5
Stealth        | |  2.1
Transmutations | |  0.7

Action                   |  1- 3 |  4- 6 |  7- 9 || total
-------------------------+-------+-------+-------++-------
Melee: Unarmed           |    18 |       |       ||    18
       Club              |   134 |       |       ||   134
       Hand axe          |    49 |   112 |    43 ||   204
 Cast: Sandblast         |    17 |    50 |     5 ||    72
       Stone Arrow       |       |     6 |     6 ||    12
  Use: Potion            |     1 |       |       ||     1
       Scroll            |       |     5 |       ||     5
 Stab: Sleeping          |     5 |     2 |       ||     7
  Eat: Chunk             |     5 |     9 |     8 ||    22
       Meat ration       |       |     1 |       ||     1
Armor: Robe              |    94 |    58 |    20 ||   172
Dodge: Dodged            |   170 |    78 |    35 ||   283
Block: Buckler           |    14 |    45 |    27 ||    86

Table legend:
 A = Spawn XP
 B = Non-spawn XP
 C = Spawn XP percentage of total XP
 D = Spawn monster count
 E = Non-spawn monster count
 F = Spawn count percentage of total count
 G = Total turns spent on level
                    A         B        C        D         E        F      G
               +---------+---------+-------+---------+---------+-------+---------
         Total |       0 |     788 |   0.0 |       0 |      92 |   0.0 |  6286
               +---------+---------+-------+---------+---------+-------+---------
           D:1 |       0 |      38 |   0.0 |       0 |      19 |   0.0 |  1297
           D:2 |       0 |      33 |   0.0 |       0 |      19 |   0.0 |   970
           D:3 |       0 |      29 |   0.0 |       0 |      13 |   0.0 |  1320
           D:4 |       0 |     311 |   0.0 |       0 |      20 |   0.0 |  1209
           D:5 |       0 |     377 |   0.0 |       0 |      21 |   0.0 |  1490
               +---------+---------+-------+---------+---------+-------+---------
